 Dungeon Crawl Stone Soup version 0.29.1-2-gbd0b4ee654 (webtiles) character file.

Game seed: 9121678741403469125

1133 Icepheonix32 the Covered (level 8, 0/68 (70) HPs)
             Began as a Minotaur Fighter on Oct 28, 2022.
             Slain by a wight
             ... wielding a +3 halberd
              (15 damage)
             ... on level 5 of the Dungeon.
             The game lasted 00:04:19 (4769 turns).

Icepheonix32 the Covered (Minotaur Fighter)         Turns: 4769, Time: 00:04:19

HP:   0/68 (70)     AC:  8    Str: 21    XL:     8   Next: 14%
MP:   0/7           EV: 10    Int:  7    God:
Gold: 76            SH:  5    Dex: 10    Spells: 7/7 levels left

rFire   . . .      SeeInvis .   a - +0 war axe
rCold   . . .      Faith    .   c - +0 buckler
rNeg    . . .      Spirit   +   b - +0 scale mail
rPois   .          Reflect  .   (helmet restricted)
rElec   .          Harm     .   (no cloak)
rCorr   .          Rampage  .   (no gloves)
Will    .....                   (no boots)
Stlth   ..........              q - amulet of guardian spirit
HPRegen 0.21/turn               (no ring)
MPRegen 0.10/turn               (no ring)

@: hasted, lightly drained, very quick
A: horns 2, retaliatory headbutt
a: no special abilities


You were on level 5 of the Dungeon.
You visited 2 branches of the dungeon, and saw 6 of its levels.

You collected 193 gold pieces.
You spent 117 gold pieces at shops.

Inventory:

Hand Weapons
 a - a +0 war axe (weapon)
 p - a +0 morningstar
Missiles
 m - 3 atropa-tipped darts (quivered)
Armour
 b - a +0 scale mail (worn)
 c - a +0 buckler (worn)
 o - a +2 leather armour of cold resistance
 v - a +0 chain mail
Jewellery
 q - an amulet of guardian spirit (around neck)
 x - a +6 ring of dexterity
 A - a +4 ring of evasion
Scrolls
 d - a scroll of poison {unknown}
 f - a scroll of magic mapping {unknown}
 g - a scroll of acquirement {unknown}
 i - a scroll of torment {unknown}
 k - 2 scrolls of teleportation {unknown}
 n - 3 scrolls of fear {unknown}
 t - 4 scrolls of identify
 u - a scroll of butterflies {unknown}
 w - a scroll of noise {unknown}
 y - a scroll of vulnerability {unknown}
Potions
 e - 2 potions of magic {unknown}
 h - 4 potions of heal wounds {unknown}
 j - 2 potions of attraction {unknown}
 l - a potion of mutation {unknown}
 r - 3 potions of haste
 s - 2 potions of lignification
 z - a potion of degeneration {unknown}


   Skills:
 + Level 5.7 Fighting
 + Level 7.1 Axes
 + Level 7.5 Armour
 + Level 2.1 Dodging
 + Level 0.5 Stealth
 + Level 5.4 Shields


You had 7 spell levels left.
You didn't know any spells.
Your spell library was empty.

Dungeon Overview and Level Annotations

Branches:
Dungeon (5/15)             Temple (1/1) D:4

Altars:
Ashenzari
Cheibriados
Dithmenos
Elyvilon
Fedhas
Gozag
Hepliaklqana
Kikubaaqudgha
Makhleb
Qazlal
Ru
Sif Muna
Uskayaw
Vehumet
Wu Jian
Yredelemnul
The Shining One

Shops:
D:2 (   D:3 *


Innate Abilities, Weirdness & Mutations

You have a pair of horns on your head.
You reflexively headbutt those who attack you in melee.


Message History

You block the wight's attack.
The wight hits you with a +0 morningstar.
You feel drained.
You slash the wight! You headbutt the wight.
The wight is almost destroyed.
You block the wight's attack.
The wight hits you with a +0 morningstar!
You barely miss the wight.
The wight is almost destroyed.
The wight hits you from afar with a +3 halberd!
The wight hits you with a +0 morningstar.
You are too injured to fight recklessly!
You are too injured to fight recklessly!
You are too injured to fight recklessly!
You are too injured to fight recklessly!
You are too injured to fight recklessly!
You are too injured to fight recklessly!
It was a potion of haste.
You feel yourself speed up.
The wight hits you from afar with a +3 halberd!
* * * LOW HITPOINT WARNING * * *
You feel drained.
* * * LOW HITPOINT WARNING * * *
The wight closely misses you. You block the wight's attack.
The wight hits you but does no damage.
You barely miss the wight. You headbutt the wight.
The wight is moderately damaged.
You hit the wight but do no damage. You hit the wight.
The wight is heavily damaged.
You closely miss the wight. You block the wight's attack. x2
You closely miss the wight.
The wight is heavily damaged.
You slash the wight!
You destroy the wight!
You block the wight's attack.
Your Axes skill increases to level 7!
You barely miss the wight.
The wight is heavily damaged.
The wight hits you with a +3 halberd!
You die...

... ..#.#.##.. .# >...#.###..
....#...##.. .. .....#....
#.......... ...
....#..#..###.##....####.
...####..<..#.......##.))......
..$.)..../.........)...)#
................)....).##
.......................#
...$...........z@......#
......>.........)......#
......†.......#†)......#
......).......#.)......#
..............:.........#
<...........###..........#
#.##...##..#..............
#.##.### ....##........##
#.##.# .....###.######


You could see a wight.

Vanquished Creatures
  Grinder (D:3)
  Sigmund (D:3)
  A centaur (D:5)
  2 phantoms
  A necrophage (D:4)
  2 wights (D:5)
  4 hounds
  An orc priest (D:5)
  Jessica (D:2)
  An iguana (D:4)
  A gnoll (D:4)
  5 adders
  A white imp (D:4)
  3 dart slugs
  16 orcs
  4 bats
  5 endoplasms
  2 giant cockroaches
  6 goblins
  6 hobgoblins
  5 jackals
  9 kobolds
  2 quokkas
  7 ball pythons
  6 frilled lizards
  4 rats
97 creatures vanquished.

Notes
Turn   | Place    | Note
-------+----------+-------------------------------------------
     0 | D:1      | Icepheonix32 the Minotaur Fighter began the quest for the
                  | Orb.
     0 | D:1      | Reached XP level 1. HP: 19/19 MP: 0/0
   220 | D:1      | Reached XP level 2. HP: 27/27 MP: 1/1
   819 | D:1      | Reached XP level 3. HP: 29/33 MP: 2/2
  1124 | D:2      | Found a faded altar of an unknown god.
  1239 | D:2      | Found Gugge's Weapon Boutique.
  1357 | D:2      | Noticed Jessica
  1371 | D:2      | Killed Jessica
  1372 | D:2      | Reached XP level 4. HP: 7/40 MP: 3/3
  2203 | D:3      | Found a blossoming altar of Fedhas.
  2279 | D:3      | Found Wugeshra's General Store.
  2287 | D:3      | Bought a potion of lignification for 39 gold pieces
  2287 | D:3      | Bought a scroll of identify for 26 gold pieces
  2287 | D:3      | Bought a scroll of identify for 26 gold pieces
  2287 | D:3      | Bought a scroll of identify for 26 gold pieces
  2291 | D:3      | Noticed Sigmund
  2292 | D:3      | Noticed Grinder
  2298 | D:3      | Killed Sigmund
  2299 | D:3      | Reached skill level 5 in Axes
  2299 | D:3      | Reached skill level 5 in Armour
  2299 | D:3      | Reached XP level 5. HP: 43/47 MP: 4/4
  2299 | D:3      | Reached XP level 6. HP: 48/53 MP: 5/5
  2311 | D:3      | Killed Grinder
  2312 | D:3      | Reached skill level 1 in Dodging
  3042 | D:4      | Reached skill level 5 in Shields
  3064 | D:4      | Reached XP level 7. HP: 53/60 MP: 6/6
  3439 | D:4      | Found a staircase to the Ecumenical Temple.
  3444 | D:4      | Reached skill level 5 in Fighting
  3456 | Temple   | Entered the Ecumenical Temple
  4568 | D:5      | Entered Level 5 of the Dungeon
  4656 | D:5      | Reached XP level 8. HP: 40/69 MP: 4/7
  4769 | D:5      | Slain by a wight

Illustrated notes

Levels and vault maps discovered:
D:1:      scummos_arrival_star, layout_loops_corners, serial_bayou_pond_a,
          hangedman_feature_mirror
D:2:      layout_basic, basic_ecumenical_altar, serial_shops,
          nicolae_shop_temple_entry_statues_fountains, uniq_jessica
D:3:      layout_loops_ring, general_overflow_altar, serial_shops, shop,
          minivault_5, uniq_sigmund, uniq_grinder
D:4:      layout_layer_cave, minmay_temple_entry_tees,
          hangedman_abyss_or_decor_stabs,
          nicolae_concentric_dashed_squares_mild, cheibrodos_gnoll_hut
D:5:      layout_rooms, grunt_tough_drop, uniq_prince_ribbit1
Temple:   regret_index_temple_sphere_string

Skill      XL: |  1  2  3  4  5  6  7  8 |
---------------+-------------------------+-----
Shields        | 4 5 |  5.4
Armour         | 4 5 7 |  7.5
Axes           | 3 5 6 7 |  7.1
Fighting       | 4 5 |  5.7
Dodging        | 1 2 |  2.1
Stealth        | |  0.5

Action                   |  1- 3 |  4- 6 |  7- 9 || total
-------------------------+-------+-------+-------++-------
Melee: War axe           |    76 |    58 |    85 ||   219
       Headbutt          |     5 |    12 |    17 ||    34
  Use: Potion            |     1 |     1 |     1 ||     3
Armor: Scale mail        |    33 |    26 |    29 ||    88
Dodge: Dodged            |    39 |    30 |    42 ||   111
Block: Buckler           |    17 |    15 |    21 ||    53
